 Dungeon Crawl Stone Soup version 0.20.1-1-g8b1a95d (webtiles) character file.

1013 Melbolja the Poker (level 8, -7/70 HPs)
             Began as a Hill Orc Berserker on Oct 1, 2017.
             Was an Elder of Trog.
             Mangled by an orc wizard
             ... wielding a +2 dagger of electrocution
              (13 damage)
             ... on level 6 of the Dungeon.
             The game lasted 00:31:54 (4122 turns).

Melbolja the Poker (Hill Orc Berserker)             Turns: 4122, Time: 00:31:57

Health: -7/70      AC: 15    Str: 24    XL:     8   Next: 21%
Magic:  8/8        EV:  8    Int:  7    God:    Trog [****..]
Gold:   259        SH:  0    Dex: 10    Spells: 7/7 levels left

rFire    . . .     SeeInvis .   a - +0 spear
rCold    . . .     Gourm    .   (no shield)
rNeg     . . .     Faith    .   v - +3 plate armour
rPois    .         Spirit   .   (no helmet)
rElec    .         Reflect  .   (no cloak)
rCorr    +         Harm     .   (no gloves)
MR       .....                  (no boots)
Stlth    ..........             j - amulet of regeneration
Regen    0.7/turn               q - ring of resist corrosion
MPRegen  0.2/turn               n - +2 ring of strength

@: berserk cooldown, slowed, very slow
A: no striking features
a: Berserk, Trog's Hand, Brothers in Arms, Burn Spellbooks, Renounce Religion


You were on level 6 of the Dungeon.
You worshipped Trog.
Trog was greatly pleased with you.
You were very hungry.

You visited 1 branch of the dungeon, and saw 6 of its levels.

You collected 259 gold pieces.

Inventory:

Hand Weapons
 a - a +0 spear (weapon)
Missiles
 e - 154 stones (quivered)
 l - 41 arrows
 o - 25 sling bullets
Armour
 v - a +3 plate armour (worn)
 z - a +0 cloak
Magical Staves
 y - an uncursed staff of death
Jewellery
 d - an uncursed ring of protection from fire
 j - an amulet of regeneration (around neck)
 n - a +2 ring of strength (right hand)
 q - a ring of resist corrosion (left hand)
Wands
 E - a wand of polymorph (15/24)
Scrolls
 f - a scroll of enchant weapon {unknown}
 r - a scroll of remove curse {unknown}
 s - 2 scrolls of noise
 w - 2 scrolls of identify
 x - 2 scrolls of immolation {unknown}
 B - a scroll of recharging {unknown}
 F - a scroll of teleportation {unknown}
Potions
 g - a potion of curing
 h - a potion of flight {unknown}
 k - a potion of mutation {unknown}
 m - 2 potions of heal wounds {unknown}
 p - a potion of haste
 u - a potion of might {unknown}
 A - a potion of lignification {unknown}
 D - a potion of resistance {unknown}
 G - a potion of degeneration {unknown}
Books
 i - a book of Cantrips

   Spells                             Type                      Level
   a - Confusing Touch                Hexes                        1
   b - Animate Skeleton               Necromancy                   1
   c - Summon Small Mammal            Summoning                    1
   d - Apportation                    Translocation                1
   Trog disapproves of the use of such an item.
Comestibles
 b - 4 royal jellies
 c - 8 bread rations
 t - 8 fruits
 C - a chunk of flesh


   Skills:
 + Level 5.9 Fighting
 + Level 7.5 Polearms
 + Level 5.0 Armour
 * Level 3.3 Dodging
 + Level 0.5 Stealth


You had 7 spell levels left.
You didn't know any spells.

Dungeon Overview and Level Annotations

Branches:
Dungeon (6/15)
 Temple: D:4-7

Altars:
Gozag
Hepliaklqana
Nemelex Xobeh
Qazlal
Ru
Uskayaw
Vehumet
Yredelemnul


Message History

You hit the orc wizard but do no damage.
The orc wizard is lightly wounded.
The orc wizard barely misses you.
You closely miss the orc wizard.
The orc wizard is lightly wounded.
The orc wizard hits you but does no damage.
The orc wizard hits you with a dagger of electrocution.
You are electrocuted!
You miss the orc wizard.
The orc wizard is lightly wounded.
The orc wizard hits you but does no damage.
You are electrocuted!
* * * LOW HITPOINT WARNING * * *
It was a potion of curing.
You feel better.
The orc wizard hits you but does no damage.
You are electrocuted!
* * * LOW HITPOINT WARNING * * *
The orc wizard hits you but does no damage.
You are electrocuted!
You die...

#. # #.
#. ..
#.##.
[...###
#.>..
#.).# #@#
#o####
#...^#
####.#
#.# #.#
#####.#
#.....#
###.#####


You could see an orc wizard.

Vanquished Creatures
  An orc warrior (D:6)
  A phantom (D:4)
  A wyvern skeleton (D:5)
  A scorpion (D:4)
  2 howler monkeys
  2 crimson imps
  A bullfrog zombie (D:6)
  An orc priest (D:4)
  A centaur skeleton (D:5)
  2 iguanas (D:5)
  4 orc wizards
  5 worker ants
  6 adders
  2 howler monkey skeletons (D:4)
  A shadow imp (D:6)
  2 oozes
  An adder zombie (D:5)
  6 worms
  4 dart slugs
  A leopard gecko (D:3)
  20 orcs
  10 bats
  4 giant cockroaches (D:2)
  7 hobgoblins
  5 jackals
  5 kobolds
  A quokka (D:5)
  A ball python (D:1)
  4 frilled lizards
  8 goblins
  A leopard gecko skeleton (D:4)
  8 rats
  A spectral orc (D:5)
120 creatures vanquished.

Notes
Turn   | Place    | Note
-------+----------+-------------------------------------------
     0 | D:1      | Melbolja the Hill Orc Berserker began the quest for the Orb.
     0 | D:1      | Reached XP level 1. HP: 19/19 MP: 1/1
     2 | D:1      | Noticed a spriggan
     4 | D:1      | Noticed a ghoul
     4 | D:1      | Noticed a demonspawn
     6 | D:1      | Noticed a halfling
     6 | D:1      | Noticed a merfolk
     8 | D:1      | Noticed a tengu
     8 | D:1      | Noticed a demigod
    10 | D:1      | Noticed a dwarf
    10 | D:1      | Noticed a vampire
    12 | D:1      | Noticed an octopode
    14 | D:1      | Noticed a troll
    14 | D:1      | Noticed a gargoyle
    16 | D:1      | Noticed a vine stalker
    16 | D:1      | Noticed an elf
    19 | D:1      | Noticed a naga
    21 | D:1      | Noticed a centaur
    21 | D:1      | Noticed a human
    23 | D:1      | Noticed an ogre
    23 | D:1      | Noticed a draconian
    25 | D:1      | Noticed a felid
    25 | D:1      | Noticed a minotaur
    27 | D:1      | Noticed a formicid
   161 | D:1      | Reached XP level 2. HP: 23/27 MP: 2/2
   681 | D:2      | Reached XP level 3. HP: 19/33 MP: 3/3
   682 | D:2      | Reached ** piety under Trog
   848 | D:2      | Reached skill level 4 in Polearms
  1033 | D:2      | Reached XP level 4. HP: 41/41 MP: 4/4
  1281 | D:2      | Found a faded altar of an unknown god.
  1483 | D:2      | Found a sacrificial altar of Ru.
  1552 | D:3      | Reached XP level 5. HP: 45/47 MP: 5/5
  1922 | D:3      | Reached *** piety under Trog
  2042 | D:3      | Found a radiant altar of Vehumet.
  2094 | D:3      | Reached skill level 5 in Polearms
  2187 | D:3      | Found an opulent altar of Gozag.
  2189 | D:3      | Found a sparkling altar of Nemelex Xobeh.
  2310 | D:4      | Noticed an ogre
  2317 | D:4      | Noticed a phantom
  2406 | D:4      | Killed a phantom
  2406 | D:4      | Reached skill level 5 in Fighting
  2406 | D:4      | Reached XP level 6. HP: 52/56 MP: 6/6
  2604 | D:4      | Found a stormy altar of Qazlal.
  2672 | D:4      | Reached skill level 6 in Polearms
  3121 | D:4      | Reached XP level 7. HP: 60/61 MP: 7/7
  3177 | D:5      | Entered Level 5 of the Dungeon
  3474 | D:5      | Reached **** piety under Trog
  3578 | D:5      | Found a hazy altar of Hepliaklqana.
  3591 | D:5      | Found a hide-covered altar of Uskayaw.
  3896 | D:5      | Found a basalt altar of Yredelemnul.
  4057 | D:6      | Reached skill level 7 in Polearms
  4066 | D:6      | Reached XP level 8. HP: 70/70 MP: 8/8
  4095 | D:6      | Reached skill level 5 in Armour
  4122 | D:6      | Mangled by an orc wizard

Skill      XL: |  1  2  3  4  5  6  7  8 |
---------------+-------------------------+-----
Fighting       | 4 5 |  5.9
Polearms       | 4 5 6 7 |  7.5
Dodging        | 2 3 |  3.3
Armour         | 3 4 5 |  5.0
Stealth        | |  0.5

Action                   |  1- 3 |  4- 6 |  7- 9 || total
-------------------------+-------+-------+-------++-------
Melee: Spear             |   132 |   318 |   241 ||   691
Invok: Berserk           |     1 |     1 |     1 ||     3
       Burn Spellbooks   |       |     1 |       ||     1
       Trog's Hand       |       |       |     1 ||     1
  Use: Scroll            |     3 |     6 |       ||     9
       Potion            |       |       |     1 ||     1
  Eat: Meat ration       |     1 |       |       ||     1
       Chunk             |       |     4 |     4 ||     8
Armor: Animal skin       |     2 |       |       ||     2
       Leather armour    |    20 |     2 |       ||    22
       Ring mail         |       |    31 |       ||    31
       Plate armour      |       |    85 |   120 ||   205
Dodge: Dodged            |    69 |   112 |    54 ||   235
